TOP OF THE 1ST |
San Francisco (APP) Giants batting - Pitching for Grand Junction Rockies : RHP Don Boudreau
|
Pitching: RHP Don Boudreau
|
|
Batting: RHB Pedro Quezada
|
0-0: Fly out, F8 (Flyball, 78XD, EV 71.3 MPH)
|
Batting: RHB Frank Pena
|
0-0: Ball 1-0: Swinging Strike 1-1: Foul Ball, location: 2F 1-2: Ball 2-2: Strikes out swinging
|
Batting: RHB Dinand Brouwer
|
0-0: Swinging Strike 0-1: Hit by Pitch
|
Batting: RHB Edwin Verdugo
|
0-0: Called Strike 0-1: Foul Ball, location: 2F 0-2: Ball 1-2: Ball 2-2: Ground out 6-3 (Groundball, 6MD, EV 97.5 MPH)
|
Top of the 1st over - 0 runs, 0 hits, 0 errors, 1 left on base; San Francisco (APP) 0 - Grand Junction 0 |
BOTTOM OF THE 1ST |
Grand Junction Rockies batting - Pitching for San Francisco (APP) Giants : RHP Ryan Hoagland
|
Pitching: RHP Ryan Hoagland
|
|
Batting: LHB Steve Gilliam
|
0-0: Swinging Strike 0-1: Ball 1-1: Ball 2-1: Ball 3-1: Base on Balls
|
Batting: LHB Bill McGregor
|
0-0: Ball 1-0: Foul Ball, location: 2F 1-1: Called Strike 1-2: 2-RUN HOME RUN (Flyball, 9D, EV 106.3 MPH), Distance : 409 ft
|
Batting: RHB John Boyer
|
0-0: Ball 1-0: Fly out, F7 (Flyball, 7D, EV 96.3 MPH)
|
Batting: LHB Chris Salim
|
0-0: Ball 1-0: Ball 2-0: DOUBLE (Flyball, 89XD, EV 104.4 MPH)
|
Batting: LHB Zack Guillen
|
0-0: Called Strike 0-1: DOUBLE (Line Drive, 7LS, EV 108.1 MPH) Chris Salim scores
|
Batting: RHB Willis Morales
|
0-0: Called Strike 0-1: Called Strike 0-2: Ball 1-2: Foul Ball, location: 2F 1-2: Foul Ball, location: 2F 1-2: Foul Ball, location: 2F 1-2: SINGLE (Groundball, 4S, EV 77.5 MPH) (infield hit) Zack Guillen to third
|
Batting: LHB Harry Folsom
|
0-0: Ball Willis Morales is caught stealing 2nd base 2-6 1-0: Ball 2-0: Ball 3-0: Called Strike 3-1: Base on Balls
|
Batting: RHB Juan Figueroa
|
0-0: Ball 1-0: Ball 2-0: Foul Ball, location: 2F 2-1: Ball 3-1: Ground out 4-3 (Groundball, 4, EV 88.8 MPH)
|
Bottom of the 1st over - 3 runs, 4 hits, 0 errors, 2 left on base; San Francisco (APP) 0 - Grand Junction 3 |
TOP OF THE 2ND |
San Francisco (APP) Giants batting - Pitching for Grand Junction Rockies : RHP Don Boudreau
|
Batting: RHB Bill Defazio
|
0-0: Ball 1-0: Ball 2-0: Swinging Strike 2-1: TRIPLE (Flyball, 89XD, EV 101.3 MPH)
|
Batting: RHB Teruhide Horiuchi
|
0-0: Called Strike 0-1: Foul Ball, location: 2F 0-2: DOUBLE (Line Drive, 7LM, EV 108.1 MPH) Bill Defazio scores
|
Batting: RHB Ed Broomhead
|
0-0: Ball 1-0: Ball 2-0: Ball 3-0: Called Strike 3-1: Called Strike 3-2: Foul Ball, location: 2F 3-2: Base on Balls
|
Batting: RHB David Andrews
|
0-0: Foul Ball, location: 2F 0-1: Swinging Strike 0-2: Strikes out swinging
|
Batting: RHB Alexis Andrade
|
0-0: Fly out, F9 (Flyball, 9LS, EV 93.1 MPH)
|
Batting: RHB Pedro Quezada
|
0-0: SINGLE (Groundball, 4M, EV 96.9 MPH) (infield hit) Teruhide Horiuchi to third Ed Broomhead to second
|
Batting: RHB Frank Pena
|
0-0: Foul Ball, location: 2F 0-1: Foul Ball, location: 2F 0-2: Ball 1-2: Ball 2-2: Ball 3-2: Foul Ball, location: 2F 3-2: Strikes out swinging
|
Top of the 2nd over - 1 run, 3 hits, 0 errors, 3 left on base; San Francisco (APP) 1 - Grand Junction 3 |
BOTTOM OF THE 2ND |
Grand Junction Rockies batting - Pitching for San Francisco (APP) Giants : RHP Ryan Hoagland
|
Batting: RHB Bryce Hickman
|
0-0: SINGLE (Groundball, 6MD, EV 105.0 MPH)
|
Batting: LHB Steve Gilliam
|
0-0: Ball 1-0: Ball 2-0: Ball 3-0: Called Strike 3-1: Called Strike 3-2: Base on Balls Bryce Hickman to second
|
Batting: LHB Bill McGregor
|
0-0: Called Strike 0-1: Ball 1-1: Called Strike 1-2: Foul Ball, location: 2F 1-2: Ball 2-2: Foul Ball, location: 2F 2-2: Ball 3-2: Base on Balls Bryce Hickman to third Steve Gilliam to second
|
Batting: RHB John Boyer
|
0-0: DOUBLE (Flyball, 8RXD, EV 102.5 MPH) Bryce Hickman scores Steve Gilliam scores Bill McGregor to third
|
Batting: LHB Chris Salim
|
0-0: Foul Ball, location: 2F 0-1: Ball 1-1: Foul Ball, location: 2F 1-2: Foul Ball, location: 2F 1-2: 3-RUN HOME RUN (Flyball, 9D, EV 104.4 MPH), Distance : 390 ft
|
Pitching: LHP Mark Gregor
|
|
Batting: LHB Zack Guillen
|
0-0: Ball 1-0: Foul Ball, location: 2F 1-1: Foul Ball, location: 2F 1-2: Ball 2-2: Fly out, F8 (Flyball, 89M, EV 85.6 MPH)
|
Batting: RHB Willis Morales
|
0-0: Called Strike 0-1: SINGLE (Line Drive, 8LS, EV 106.9 MPH)
|
Batting: LHB Harry Folsom
|
0-0: Called Strike 0-1: Ball 1-1: SINGLE (Line Drive, 8RS, EV 103.1 MPH) Willis Morales to second
|
Batting: RHB Juan Figueroa
|
0-0: Called Strike 0-1: Ball 1-1: Swinging Strike 1-2: Ball 2-2: Foul Ball, location: 2F 2-2: Ball 3-2: Foul Ball, location: 2F 3-2: Strikes out looking
|
Pitching: RHP Nick McDade
|
|
Batting: RHB Bryce Hickman
|
0-0: Ball Wild Pitch! Willis Morales to third Harry Folsom to second 1-0: Swinging Strike 1-1: Foul Ball, location: 2F 1-2: Ground out 6-3 (Groundball, 6S, EV 84.4 MPH)
|
Bottom of the 2nd over - 5 runs, 5 hits, 0 errors, 2 left on base; San Francisco (APP) 1 - Grand Junction 8 |
TOP OF THE 3RD |
San Francisco (APP) Giants batting - Pitching for Grand Junction Rockies : RHP Don Boudreau
|
Batting: RHB Dinand Brouwer
|
0-0: Called Strike 0-1: Ball 1-1: Ball 2-1: Called Strike 2-2: Ball 3-2: Foul Ball, location: 2F 3-2: Foul Ball, location: 2F 3-2: Base on Balls
|
Batting: RHB Edwin Verdugo
|
0-0: Foul Ball, location: 2F 0-1: Foul Ball, location: 2F 0-2: Strikes out swinging
|
Batting: RHB Bill Defazio
|
0-0: Called Strike 0-1: Foul Ball, location: 2F 0-2: Ball 1-2: Foul Ball, location: 2F 1-2: Foul Ball, location: 2F 1-2: Strikes out swinging
|
Batting: RHB Teruhide Horiuchi
|
0-0: Called Strike 0-1: Ball 1-1: Ball 2-1: Foul Ball, location: 2F 2-2: Ball 3-2: SINGLE (Groundball, 6S, EV 65.0 MPH) (infield hit) Dinand Brouwer to second
|
Batting: RHB Ed Broomhead
|
0-0: Ground out 4-3 (Groundball, 4, EV 81.9 MPH)
|
Top of the 3rd over - 0 runs, 1 hit, 0 errors, 2 left on base; San Francisco (APP) 1 - Grand Junction 8 |
BOTTOM OF THE 3RD |
Grand Junction Rockies batting - Pitching for San Francisco (APP) Giants : RHP Nick McDade
|
Batting: LHB Steve Gilliam
|
0-0: Called Strike 0-1: Ball 1-1: Ball 2-1: Foul Ball, location: 2F 2-2: Ball 3-2: Base on Balls
|
Batting: LHB Bill McGregor
|
0-0: Ball 1-0: Ball 2-0: Ball 3-0: Called Strike 3-1: Swinging Strike 3-2: SINGLE (Groundball, 4D, EV 109.4 MPH) Steve Gilliam to second Steve Gilliam to third
|
Batting: RHB John Boyer
|
0-0: 3-RUN HOME RUN (Flyball, 7LD, EV 96.9 MPH), Distance : 336 ft
|
Batting: LHB Chris Salim
|
0-0: Ground out U3 (Groundball, 3L, EV 103.8 MPH)
|
Pitching: RHP Hiroaki Yazawa
|
|
Batting: LHB Zack Guillen
|
0-0: Fly out, F7 (Flyball, 7S, EV 88.8 MPH)
|
Batting: RHB Willis Morales
|
0-0: Called Strike 0-1: Swinging Strike 0-2: Ball 1-2: Strikes out swinging
|
Bottom of the 3rd over - 3 runs, 2 hits, 0 errors, 0 left on base; San Francisco (APP) 1 - Grand Junction 11 |
TOP OF THE 4TH |
San Francisco (APP) Giants batting - Pitching for Grand Junction Rockies : RHP Don Boudreau
|
Batting: RHB David Andrews
|
0-0: Called Strike 0-1: Ball 1-1: Foul Ball, location: 2F 1-2: Fly out, F9 (Flyball, 9LS, EV 94.4 MPH)
|
Batting: RHB Alexis Andrade
|
0-0: Ball 1-0: Called Strike 1-1: Called Strike 1-2: Ball 2-2: Strikes out swinging
|
Batting: RHB Pedro Quezada
|
0-0: Ball 1-0: Swinging Strike 1-1: TRIPLE (Flyball, 89XD, EV 103.1 MPH)
|
Pitching: RHP Jim Micaletti
|
|
Batting: RHB Frank Pena
|
0-0: Called Strike 0-1: Foul Ball, location: 2F 0-2: Strikes out swinging
|
Top of the 4th over - 0 runs, 1 hit, 0 errors, 1 left on base; San Francisco (APP) 1 - Grand Junction 11 |
BOTTOM OF THE 4TH |
Grand Junction Rockies batting - Pitching for San Francisco (APP) Giants : RHP Hiroaki Yazawa
|
Batting: LHB Harry Folsom
|
0-0: Ball 1-0: SINGLE (Line Drive, 89M, EV 93.1 MPH)
|
Batting: RHB Juan Figueroa
|
0-0: Foul Ball, location: 2F 0-1: Ball 1-1: Called Strike 1-2: Strikes out swinging
|
Batting: RHB Bryce Hickman
|
0-0: Ball 1-0: Foul Ball, location: 2F 1-1: Ball 2-1: Ball 3-1: Called Strike 3-2: Base on Balls Harry Folsom to second
|
Batting: LHB Steve Gilliam
|
0-0: Swinging Strike 0-1: Ball 1-1: Ball 2-1: Foul Ball, location: 2F 2-2: Ball 3-2: TRIPLE (Line Drive, 78XD, EV 105.6 MPH) Harry Folsom scores Bryce Hickman scores
|
Pitching: RHP Bob Schweiger
|
|
Batting: LHB Bill McGregor
|
0-0: Ball 1-0: Ball 2-0: Called Strike 2-1: Called Strike 2-2: Foul Ball, location: 2F 2-2: Foul Ball, location: 2F 2-2: Ball 3-2: Foul Ball, location: 2F 3-2: Base on Balls
|
Batting: RHB John Boyer
|
0-0: Ball 1-0: Ball 2-0: Called Strike 2-1: Fly out, F8 (Flyball, 8RM, EV 80.6 MPH)
|
Batting: LHB Chris Salim
|
0-0: Called Strike 0-1: Ball Balk! Steve Gilliam scores Bill McGregor to second 1-1: Ball 2-1: Ball 3-1: Base on Balls
|
Batting: LHB Zack Guillen
|
0-0: Called Strike 0-1: Called Strike 0-2: Fly out, F6 (Popup, 6M, EV 75.0 MPH)
|
Bottom of the 4th over - 3 runs, 2 hits, 0 errors, 2 left on base; San Francisco (APP) 1 - Grand Junction 14 |
TOP OF THE 5TH |
San Francisco (APP) Giants batting - Pitching for Grand Junction Rockies : RHP Jim Micaletti
|
Batting: RHB Dinand Brouwer
|
0-0: Ball 1-0: Called Strike 1-1: Called Strike 1-2: SINGLE (Groundball, 4D, EV 98.8 MPH)
|
Batting: RHB Edwin Verdugo
|
0-0: Called Strike 0-1: 2-RUN HOME RUN (Line Drive, 7D, EV 98.1 MPH), Distance : 397 ft
|
Batting: RHB Bill Defazio
|
0-0: Ball 1-0: Foul Ball, location: 2F 1-1: Foul Ball, location: 2F 1-2: Ball 2-2: TRIPLE (Flyball, 89XD, EV 98.1 MPH)
|
Batting: RHB Teruhide Horiuchi
|
0-0: Called Strike 0-1: Ground out 6-3 (Groundball, 6, EV 80.6 MPH) Bill Defazio scores
|
Batting: RHB Ed Broomhead
|
0-0: Ball 1-0: DOUBLE (Groundball, 5L, EV 94.4 MPH)
|
Pitching: RHP Jeff Sorrels
|
|
Batting: RHB David Andrews
|
0-0: Ball 1-0: SINGLE (Groundball, 56D, EV 97.5 MPH) Ed Broomhead to third Runner from 3rd tries for Home, SAFE, throw by LF to home
|
Batting: RHB Alexis Andrade
|
0-0: Ball 1-0: Called Strike 1-1: Foul Ball, location: 2F 1-2: Fielders Choice at 2nd, 3-6 (Groundball, 34, EV 102.5 MPH)
|
Batting: RHB Pedro Quezada
|
0-0: Called Strike 0-1: Fielders Choice at 2nd, 6-4 (Groundball, 6, EV 92.5 MPH)
|
Top of the 5th over - 4 runs, 5 hits, 0 errors, 1 left on base; San Francisco (APP) 5 - Grand Junction 14 |
BOTTOM OF THE 5TH |
Grand Junction Rockies batting - Pitching for San Francisco (APP) Giants : RHP Bob Schweiger
|
Batting: RHB Willis Morales
|
0-0: Swinging Strike 0-1: Ball 1-1: Ball 2-1: Called Strike 2-2: Ball 3-2: Base on Balls
|
Batting: LHB Harry Folsom
|
0-0: Ball 1-0: Swinging Strike 1-1: Grounds into double play, 4-6-3 (Groundball, 4, EV 110.6 MPH)
|
Batting: RHB Juan Figueroa
|
0-0: Ball 1-0: Ball 2-0: Ball 3-0: Base on Balls
|
Batting: RHB Bryce Hickman
|
0-0: Ball Juan Figueroa steals 2nd base 1-0: Fly out, F8 (Flyball, 8LXD, EV 89.4 MPH)
|
Bottom of the 5th over - 0 runs, 0 hits, 0 errors, 1 left on base; San Francisco (APP) 5 - Grand Junction 14 |
TOP OF THE 6TH |
San Francisco (APP) Giants batting - Pitching for Grand Junction Rockies : RHP Jeff Sorrels
|
Batting: RHB Frank Pena
|
0-0: Foul Ball, location: 2F 0-1: Ball 1-1: Called Strike 1-2: Fly out, F8 (Flyball, 8RD, EV 94.4 MPH)
|
Batting: RHB Dinand Brouwer
|
0-0: Called Strike 0-1: SINGLE (Line Drive, 7S, EV 98.1 MPH)
|
Batting: RHB Edwin Verdugo
|
0-0: SINGLE (Groundball, 56, EV 111.3 MPH) Dinand Brouwer to second
|
Batting: RHB Bill Defazio
|
0-0: Ball 1-0: Ball 2-0: Ball 3-0: Base on Balls Dinand Brouwer to third Edwin Verdugo to second
|
Batting: RHB Teruhide Horiuchi
|
0-0: Called Strike 0-1: Fly out, F7 (Flyball, 7D, EV 104.4 MPH) Runner from 3rd tags up, OUT at HOME! 7-2
|
Top of the 6th over - 0 runs, 2 hits, 0 errors, 2 left on base; San Francisco (APP) 5 - Grand Junction 14 |
BOTTOM OF THE 6TH |
Grand Junction Rockies batting - Pitching for San Francisco (APP) Giants : RHP Bob Schweiger
|
Batting: LHB Steve Gilliam
|
0-0: Ball 1-0: Called Strike 1-1: Ball 2-1: Ball 3-1: Swinging Strike 3-2: Foul Ball, location: 2F 3-2: Foul Ball, location: 2F 3-2: Base on Balls
|
Pitching: LHP Gil Longoria
|
|
Batting: LHB Bill McGregor
|
0-0: Ball 1-0: Ball 2-0: Ball 3-0: Base on Balls Steve Gilliam to second
|
Batting: RHB John Boyer
|
0-0: Called Strike 0-1: Foul Ball, location: 2F 0-2: Strikes out swinging
|
Batting: LHB Chris Salim
|
0-0: Foul Ball, location: 2F 0-1: Ball 1-1: Ball 2-1: Foul Ball, location: 2F 2-2: SINGLE (Flyball, 56D, EV 93.1 MPH) Steve Gilliam to third Bill McGregor to second
|
Batting: LHB Zack Guillen
|
0-0: SINGLE (Line Drive, 9LS, EV 100.0 MPH) Steve Gilliam scores Bill McGregor to third Chris Salim to second Runner from 3rd tries for Home, SAFE, throw by RF to home Chris Salim to third Zack Guillen to second
|
Batting: RHB Willis Morales
|
0-0: Ball 1-0: Ball 2-0: SINGLE (Groundball, 6M, EV 101.9 MPH) (infield hit) Chris Salim scores Zack Guillen to third
|
Batting: LHB Harry Folsom
|
0-0: Ball 1-0: Ball 2-0: Ball 3-0: Called Strike 3-1: Swinging Strike 3-2: Foul Ball, location: 2F 3-2: DOUBLE (Line Drive, 9LS, EV 108.1 MPH) Zack Guillen scores Willis Morales to third
|
Pitching: RHP Chance Robinson
|
|
Batting: RHB Juan Figueroa
|
0-0: Called Strike 0-1: Called Strike 0-2: Ball 1-2: Ball 2-2: Ball 3-2: Foul Ball, location: 2F 3-2: Ground out 4-3 (Groundball, 4, EV 104.4 MPH) Willis Morales scores Harry Folsom to third
|
Batting: RHB Bryce Hickman
|
0-0: Foul Ball, location: 2F 0-1: Foul Ball, location: 2F 0-2: Ground out 5-3 (Groundball, 56S, EV 83.1 MPH)
|
Bottom of the 6th over - 5 runs, 4 hits, 0 errors, 1 left on base; San Francisco (APP) 5 - Grand Junction 19 |
TOP OF THE 7TH |
San Francisco (APP) Giants batting - Pitching for Grand Junction Rockies : RHP Jeff Sorrels
|
Batting: RHB Ed Broomhead
|
0-0: Fly out, F8 (Flyball, 8RD, EV 88.1 MPH)
|
Batting: RHB David Andrews
|
0-0: Called Strike 0-1: Called Strike 0-2: Ball 1-2: Ball 2-2: Ball 3-2: SOLO HOME RUN (Flyball, 78XD, EV 107.5 MPH), Distance : 443 ft
|
Batting: RHB Alexis Andrade
|
0-0: Ground out 5-3 (Groundball, 56S, EV 75.6 MPH)
|
Batting: RHB Pedro Quezada
|
0-0: Ball 1-0: Ball 2-0: SINGLE (Flyball, 34D, EV 93.1 MPH)
|
Batting: RHB Frank Pena
|
0-0: Called Strike Pedro Quezada steals 2nd base 0-1: Ground out U3 (Groundball, 34, EV 79.4 MPH)
|
Top of the 7th over - 1 run, 2 hits, 0 errors, 1 left on base; San Francisco (APP) 6 - Grand Junction 19 |
BOTTOM OF THE 7TH |
Grand Junction Rockies batting - Pitching for San Francisco (APP) Giants : RHP Chance Robinson
|
Batting: LHB Steve Gilliam
|
0-0: Ball 1-0: Foul Ball, location: 2F 1-1: Ball 2-1: Foul Ball, location: 2F 2-2: Ball 3-2: SINGLE (Line Drive, 34D, EV 107.5 MPH)
|
Batting: LHB Bill McGregor
|
0-0: Foul Ball, location: 2F 0-1: Ball 1-1: Ball 2-1: Called Strike 2-2: Foul Ball, location: 2F 2-2: Ball Wild Pitch! Steve Gilliam to second 3-2: Base on Balls
|
Pitching: RHP Filip Nebylitsin
|
|
Batting: RHB John Boyer
|
0-0: Called Strike 0-1: Grounds into double play, 4-6-3 (Groundball, 4S, EV 81.3 MPH) Steve Gilliam to third
|
Batting: LHB Chris Salim
|
0-0: Called Strike 0-1: Ball 1-1: Ball 2-1: Ball 3-1: Called Strike 3-2: Base on Balls
|
Batting: LHB Zack Guillen
|
0-0: Ball 1-0: 3-RUN HOME RUN (Line Drive, 89XD, EV 116.9 MPH), Distance : 453 ft
|
Batting: RHB Willis Morales
|
0-0: Called Strike 0-1: Ball 1-1: Foul Ball, location: 2F 1-2: Ball 2-2: Ball 3-2: TRIPLE (Flyball, 78XD, EV 93.8 MPH)
|
Batting: LHB Harry Folsom
|
0-0: Ball 1-0: Ball 2-0: Foul Ball, location: 2F 2-1: Foul Ball, location: 2F 2-2: TRIPLE (Flyball, 8RXD, EV 106.9 MPH) Willis Morales scores
|
Pitching: LHP Jack Klein
|
|
Batting: RHB Juan Figueroa
|
0-0: Called Strike 0-1: Foul Ball, location: 2F 0-2: Foul Ball, location: 2F 0-2: Ball 1-2: Ground out 6-3 (Groundball, 56D, EV 102.5 MPH)
|
Bottom of the 7th over - 4 runs, 4 hits, 0 errors, 1 left on base; San Francisco (APP) 6 - Grand Junction 23 |
TOP OF THE 8TH |
San Francisco (APP) Giants batting - Pitching for Grand Junction Rockies : RHP Jeff Sorrels
|
Batting: RHB Dinand Brouwer
|
0-0: Ball 1-0: Ball 2-0: Called Strike 2-1: SINGLE (Flyball, 8RS, EV 91.3 MPH)
|
Batting: RHB Edwin Verdugo
|
0-0: Ball 1-0: Ball 2-0: Ball 3-0: Grounds into double play, 6-4-3 (Groundball, 6, EV 96.3 MPH)
|
Batting: RHB Bill Defazio
|
0-0: Ball 1-0: Ball 2-0: Fly out, F8 (Flyball, 8RS, EV 94.4 MPH)
|
Top of the 8th over - 0 runs, 1 hit, 0 errors, 0 left on base; San Francisco (APP) 6 - Grand Junction 23 |
BOTTOM OF THE 8TH |
Grand Junction Rockies batting - Pitching for San Francisco (APP) Giants : LHP Jack Klein
|
Batting: RHB Bryce Hickman
|
0-0: Ball 1-0: Ball 2-0: Swinging Strike 2-1: Swinging Strike 2-2: Ball 3-2: Foul Ball, location: 2F 3-2: Strikes out looking
|
Batting: LHB Steve Gilliam
|
0-0: Swinging Strike 0-1: Called Strike 0-2: Strikes out looking
|
Batting: LHB Bill McGregor
|
0-0: Ball 1-0: Foul Ball, location: 2F 1-1: Ball 2-1: Ball 3-1: Base on Balls
|
Batting: RHB John Boyer
|
0-0: SINGLE (Line Drive, 89S, EV 113.8 MPH) Bill McGregor to second
|
Batting: LHB Chris Salim
|
0-0: Swinging Strike 0-1: Foul Ball, location: 2F 0-2: Strikes out swinging
|
Bottom of the 8th over - 0 runs, 1 hit, 0 errors, 2 left on base; San Francisco (APP) 6 - Grand Junction 23 |
TOP OF THE 9TH |
San Francisco (APP) Giants batting - Pitching for Grand Junction Rockies : RHP Jeff Sorrels
|
Pitching: RHP Yamashita Yagi
|
|
Batting: RHB Teruhide Horiuchi
|
0-0: Called Strike 0-1: Fly out, F9 (Flyball, 89D, EV 92.5 MPH)
|
Batting: RHB Ed Broomhead
|
0-0: Called Strike 0-1: Ball 1-1: Fly out, F8 (Flyball, 8LS, EV 92.5 MPH)
|
Batting: RHB David Andrews
|
0-0: SOLO HOME RUN (Line Drive, 9D, EV 99.4 MPH), Distance : 403 ft
|
Batting: RHB Alexis Andrade
|
0-0: Ground out 6-3 (Groundball, 6, EV 86.9 MPH)
|
Top of the 9th over - 1 run, 1 hit, 0 errors, 0 left on base; San Francisco (APP) 7 - Grand Junction 23 |
|